 Dungeon Crawl Stone Soup version 0.28-a0-1447-ga5a8893891 (webtiles) character file.

Game seed: 15409278851707423091

92 derath95 the Skirmisher (level 4, -4/35 HPs)
             Began as a Demonspawn Fighter on Jan 11, 2022.
             Was a High Priest of Ignis.
             Killed by divine providence
             ... invoked by an orc priest
              (15 damage)
             ... on level 3 of the Dungeon.
             The game lasted 00:04:24 (2383 turns).

derath95 the Skirmisher (Demonspawn Fighter)        Turns: 2383, Time: 00:04:24

Health: -4/35      AC:  6    Str: 19    XL:     4   Next: 35%
Magic:  5/5        EV:  9    Int:  9    God:    Ignis [*****.]
Gold:   86         SH:  4    Dex: 12    Spells: 5/5 levels left

rFire   + . .      SeeInvis .   a - +0 war axe
rCold   . . .      Faith    .   c - +0 buckler
rNeg    . . .      Spirit   .   b - +0 scale mail
rPois   .          Reflect  .   (helmet restricted)
rElec   .          Harm     .   (no cloak)
rCorr   .          Rampage  .   (no gloves)
Will    .....                   (no boots)
Stlth   ..........              (no amulet)
HPRegen 0.11/turn               (no ring)
MPRegen 0.09/turn               (no ring)

@: no status effects
A: antennae 1, demonic guardian 1
a: Renounce Religion, Fiery Armour, Foxfire Swarm, Rising Flame


You were on level 3 of the Dungeon.
You worshipped Ignis.
Ignis was extremely pleased with you.
You visited 1 branch of the dungeon, and saw 3 of its levels.

You collected 86 gold pieces.

Inventory:

Hand Weapons
 a - a +0 war axe (weapon)
Armour
 b - a +0 scale mail (worn)
 c - a +0 buckler (worn)
Scrolls
 g - 2 scrolls of teleportation {unknown}
 i - a scroll of identify {unknown}
Potions
 d - a potion of might
 e - a potion of mutation {unknown}
 f - a potion of attraction {unknown}
 h - a potion of heal wounds {unknown}


   Skills:
 + Level 3.4 Fighting
 + Level 2.3(2.5) Axes
 + Level 1.0(1.8) Maces & Flails
 + Level 3.0 Armour
 + Level 3.2 Shields
 + Level 1.1 Spellcasting


You had 5 spell levels left.
You didn't know any spells.
Your spell library contained the following spells:

 Spells                   Type           Power      Damage    Failure   Level
 Summon Small Mammal      Summ           0%         N/A       82%         1
 Call Canine Familiar     Summ           0%         N/A       99%         3
 Summon Guardian Golem    Hex/Summ       0%         N/A       99%         3
 Summon Lightning Spire   Summ/Air       0%         N/A       100%        4
 Storm Form               Tmut/Air       0%         N/A       100%        7
 Maxwell's Capacitive Co  Air            0%         ∞         100%        8


Dungeon Overview and Level Annotations

Branches:
Dungeon (3/15)

Altars:
Ignis

Shops:
D:2 (

Annotations:
D:3 Terence


Innate Abilities, Weirdness & Mutations

You have a pair of small antennae on your head.
A weak demonic guardian rushes to your aid.


Message History

An orc and an orc priest come into view.
Found a ring mail and 21 stones.
The orc shouts!
The orc priest shouts!
The orc priest invokes the aid of Beogh against you.
Beogh smites you!
A demonic guardian appears!
The goblin barely misses you.
You slash the goblin!
You kill the goblin!
An orc comes into view. It is wielding a +0 club.
The orc priest invokes the aid of Beogh against you.
Beogh smites you!
The orc moves out of view.
You swap places.
Your shadow imp hits the orc.
You closely miss the orc.
The orc is heavily wounded.
The orc closely misses you.
Your shadow imp barely misses the orc.
You hit the orc.
The orc is almost dead.
The orc barely misses you.
Your shadow imp misses the orc.
Terence the Incautious comes into view.
He is wielding a +2 morningstar of protection.
The orc priest hits your shadow imp with a +0 hand axe.
The orc hits you with a +0 club.
* * * LOW HITPOINT WARNING * * *
Your shadow imp hits the orc priest.
You hit the orc.
You kill the orc!
Your shadow imp barely misses the orc priest.
You hit the orc priest.
The orc priest is severely wounded.
The orc priest hits you but does no damage.
The orc priest closely misses your shadow imp.
Your shadow imp barely misses the orc priest.
You block the orc priest's attack.
The orc priest hits your shadow imp with a +0 hand axe.
The orc hits your shadow imp with a +0 club.
Your shadow imp dies!
Your shadow imp disappears in a puff of smoke!
You barely miss the orc priest.
The orc priest is severely wounded.
The orc priest mumbles some strange prayers to Beogh against you.
Beogh smites you!
You die...

# .. #.# ### .#
... ....###
###..# #.#
#(.[.##@...# #.#
#...@o)# #.#
#...###o## #.#
#.. #§#########
#.# .
#.........####.##
#########......<#
####....# #....#
######


You could see Terence, an orc priest and an orc.

Vanquished Creatures
  Jessica (D:2)
  2 adders (D:2)
  A dart slug (D:2)
  An orc (D:3)
  3 ball pythons (D:1)
  6 endoplasms
  3 hobgoblins
  7 jackals (D:1)
  A quokka (D:1)
  A bat (D:2)
  3 frilled lizards
  5 goblins
  4 kobolds
  4 rats (D:2)
42 creatures vanquished.

Notes
Turn   | Place    | Note
-------+----------+-------------------------------------------
     0 | D:1      | derath95 the Demonspawn Fighter began the quest for the
                  | Orb.
     0 | D:1      | Reached XP level 1. HP: 18/18 MP: 1/1
   169 | D:1      | Gained mutation: You have a pair of small antennae on your
                  | head. [demonic ancestry]
   169 | D:1      | Reached XP level 2. HP: 18/24 MP: 2/2
   344 | D:1      | Found a faded altar of an unknown god.
   401 | D:1      | Prayed at the altar of an unknown god.
   401 | D:1      | Became a worshipper of Ignis, the Dying Flame
   875 | D:2      | Found Odo Rith's Antique Weapon Boutique.
  1143 | D:2      | Gained mutation: A weak demonic guardian rushes to your
                  | aid. [demonic ancestry]
  1143 | D:2      | Reached XP level 3. HP: 29/29 MP: 3/3
  1851 | D:2      | Noticed Jessica
  1862 | D:2      | Killed Jessica
  1863 | D:2      | Reached skill level 1 in Spellcasting
  1863 | D:2      | Reached XP level 4. HP: 15/35 MP: 5/5
  2184 | D:2      | Reached skill level 1 in Maces & Flails
  2380 | D:3      | Noticed Terence
  2383 | D:3      | Killed from afar by an orc priest

Illustrated notes

Levels and vault maps discovered:
D:1:      lightli_arrival_noodles, layout_rooms, basic_ecumenical_altar
D:2:      minmay_chambers_of_ones, layout_basic, serial_shops, shop,
          minmay_misc_feat_secret_circle, grunt_ministairs_10, fountainhead,
          uniq_jessica
D:3:      layout_rooms, mainiacjoe_overflow_catwalk, serial_shops,
          nicolae_shop_overgrown_old_shop, minmay_fractal_squares_gapless_5,
          uniq_terence, uniq_ijyb, uniq_crazy_yiuf_cottage

Skill      XL: |  1  2  3  4 |
---------------+-------------+-----
Axes           | 2 |  2.3
Shields        | 3 |  3.2
Armour         | 3 |  3.0
Spellcasting   | 1 |  1.1
Maces & Flails | 1 |  1.0
Fighting       | |  3.4

Action                   |  1- 3 |  4- 6 || total
-------------------------+-------+-------++-------
Melee: War axe           |    98 |    10 ||   108
Armor: Scale mail        |    45 |     3 ||    48
Dodge: Dodged            |    31 |     4 ||    35
Block: Buckler           |    18 |     3 ||    21

Table legend: (Time is in decaauts)
 A = Elapsed time spent in this place.
 B = Non-inter-level travel time spent in this place.
 C = Inter-level travel time spent in this place.
 D = Time resting spent in this place.
 E = Time spent auto-exploring this place.
 F = Levels seen in this place.
 G = Mean time per level.
                   A        B        C        D        E       F      G
               +--------+--------+--------+--------+--------+-----+--------+
         Total |   2428 |   2408 |     20 |      0 |   2003 |   3 |  809.3 |
       Dungeon |   2428 |   2408 |     20 |      0 |   2003 |   3 |  809.3 |
               +--------+--------+--------+--------+--------+-----+--------+

Top non-repeatable levels by time:
     D:2: 1567 daAuts
     D:1: 834 daAuts
     D:3: 26 daAuts
